 Dungeon Crawl Stone Soup version 0.28.0-53-g5a82cb258f (webtiles) character file.

Game seed: 15635591402322094755

35 SanguineChosen the Slasher (level 3, -2/31 HPs)
             Began as a Palentonga Berserker on June 18, 2022.
             Was a Follower of Trog.
             Slain by a goblin
             ... wielding a +0 club
             ... led by Robin
              (6 damage)
             ... on level 2 of the Dungeon.
             The game lasted 00:07:09 (945 turns).

SanguineChosen the Slasher (Palentonga Berserker)    Turns: 945, Time: 00:07:10

Health: -2/31      AC:  4    Str: 22    XL:     3   Next: 16%
Magic:  3/3        EV: 10    Int:  7    God:    Trog [*.....]
Gold:   63         SH:  0    Dex: 15    Spells: 2/2 levels left

rFire   . . .      SeeInvis +   a - +0 falchion
rCold   . . .      Faith    .   (no shield)
rNeg    . . .      Spirit   .   b - +0 animal skin
rPois   .          Reflect  .   (no helmet)
rElec   .          Harm     .   (no cloak)
rCorr   .          Rampage  .   (no gloves)
Will    .....                   (no barding)
Stlth   +.........              (no amulet)
HPRegen 0.10/turn               i - +6 ring of dexterity
MPRegen 0.08/turn               (no ring)

@: mighty, lethally poisoned (-2 -> -3), flying
A: large, rugged brown scales 3, see invisible, deformed body, roll 1, armoured
tail
a: Rolling Charge, Renounce Religion, Berserk


You were on level 2 of the Dungeon.
You worshipped Trog.
Trog was aware of your devotion.
You visited 1 branch of the dungeon, and saw 2 of its levels.

You collected 63 gold pieces.

Inventory:

Hand Weapons
 a - a +0 falchion (weapon)
Armour
 b - a +0 animal skin (worn)
 l - a +0 ring mail
Jewellery
 i - a +6 ring of dexterity (left hand)
Scrolls
 c - a scroll of identify {unknown}
 d - a scroll of amnesia {unknown}
 e - a scroll of fog {unknown}
 g - a scroll of acquirement {unknown}
Potions
 f - a potion of magic {unknown}
 j - 2 potions of curing {unknown}


   Skills:
 + Level 3.5 Fighting
 + Level 3.6 Long Blades
 + Level 1.7 Armour
 + Level 1.7 Dodging
 + Level 0.1 Stealth


You had 2 spell levels left.
You didn't know any spells.
Your spell library was empty.

Dungeon Overview and Level Annotations

Branches:
Dungeon (2/15)

Altars:

Annotations:
D:2 Robin


Innate Abilities, Weirdness & Mutations

You are completely covered in rugged brown scales. (AC +3, +7% HP)
You have supernaturally acute eyesight. (SInv)
Armour fits poorly on your strangely shaped body.
You can roll at nearby foes to attack.
You have a long armoured tail.


Message History

A goblin comes into view. It is wielding a +0 dagger.
A goblin comes into view. It is wielding a +0 club.
Robin roars a battlecry!
The goblins go into a battle-frenzy!
The adder bites you.
You are poisoned.
The adder poisons you!
The goblin shouts!
You hit the adder but do no damage.
You feel sick. The giant cockroach closely misses you. The adder bites you.
A goblin comes into view. It is wielding a +0 club.
The giant cockroach bites you but does no damage.
Robin throws the goblin at you!
A goblin comes into view. It is wielding a +0 club.
It was a potion of flight.
You feel very buoyant.
You fly up into the air.
You feel sick. The adder closely misses you.
The giant cockroach closely misses you. The goblin hits you with a +0 club.
Robin throws the goblin at you! The goblin hits you with a +0 club.
You closely miss the adder.
You feel sick. The adder barely misses you.
A goblin comes into view. It is wielding a +0 club.
The giant cockroach bites you but does no damage.
The goblin hits you with a +0 club. The adder bites you.
* * * LOW HITPOINT WARNING * * *
The goblin closely misses you.
The giant cockroach bites you but does no damage.
It was a potion of might.
You feel very mighty all of a sudden.
You feel sick.
A goblin comes into view. It is wielding a +0 dagger. x2
The adder closely misses you. The goblin closely misses you.
A goblin comes into view. It is wielding a +0 club.
The giant cockroach barely misses you. The goblin hits you with a +0 club.
* * * LOW HITPOINT WARNING * * *
The goblin shouts!
You slash the adder!
You kill the adder!
Trog accepts your kill.
You feel sick. The goblin hits you with a +0 club.
You die...

##>........ .........
#........ # ## #.......
.# .###......# .##.
..##......# ####..g..
####.......).B###gggggg..
..#..##....(..##@g# ..#.#
##.......B†##
>...######.......##
..................#...
..#####.#####..........
........## #.#####....
.#####...## #.# ... .#
##.....###.# r.
.###.....†....##


You could see Robin, a giant cockroach and 7 goblins.

Vanquished Creatures
  An adder (D:2)
  2 dart slugs
  2 endoplasms (D:2)
  A giant cockroach (D:1)
  3 goblins
  6 hobgoblins
  2 jackals (D:1)
  A quokka (D:2)
  A ball python (D:1)
  A frilled lizard (D:1)
  4 kobolds (D:1)
  3 rats (D:1)
27 creatures vanquished.

Notes
Turn   | Place    | Note
-------+----------+-------------------------------------------
     0 | D:1      | SanguineChosen the Palentonga Berserker began the quest for
                  | the Orb.
     0 | D:1      | Reached XP level 1. HP: 19/19 MP: 1/1
   344 | D:1      | Reached XP level 2. HP: 25/25 MP: 2/2
   903 | D:2      | Reached XP level 3. HP: 31/31 MP: 3/3
   939 | D:2      | Noticed Robin
   945 | D:2      | Slain by a goblin

Illustrated notes

Levels and vault maps discovered:
D:1:      dpeg_arrival_fog, layout_loops_cross, minmay_cupped
D:2:      layout_rooms, minmay_pentomino_r2, uniq_robin

Action                   || total
-------------------------++-------
Melee: Falchion          ||    61
       Tailslap          ||     2
 Abil: Rolling Charge    ||    22
  Use: Potion            ||     2
Armor: Animal skin       ||    21
Dodge: Dodged            ||    28
